 Dungeon Sprint DCSS version 0.27-a0-75-g9f9dfd16e9 (webtiles) character file.

Game seed: 6782918203854177679

620 rocky1 the Insei (level 7, -6/78 HPs)
             Began as an Octopode Transmuter on Jan 12, 2021.
             Was an Elder of Sif Muna.
             Mangled by a swamp dragon (7 damage)
             ... in the Dungeon (Sprint VII: "The Pits").
             The game lasted 00:07:42 (1402 turns).

rocky1 the Insei (Octopode Transmuter)              Turns: 1402, Time: 00:07:42

Health: -6/78      AC:  1    Str: 12    XL:     7   Next: 46%
Magic:  16/16      EV: 16    Int: 15    God:    Sif Muna [****..]
Gold:   0          SH:  0    Dex: 12    Spells: 3/18 levels left

rFire    . . .     SeeInvis .     - Unarmed
rCold    . . .     Faith    .   (no shield)
rNeg     . . .     Spirit   .   (helmet restricted)
rPois    .         Reflect  .   (no amulet)
rElec    .         Harm     .   (no ring)
rCorr    .         Rampage  .   (no ring)
Will     .....     NoTele   +   (no ring)
Stlth    ..........             (no ring)
HPRegen  0.23/turn              (no ring)
MPRegen  0.15/turn              (no ring)
                                (no ring)
                                (no ring)

@: berserking, lethally poisoned (-6 -> -103), very slightly contaminated,
invisible, very quick
A: almost no armour, stealthy swim, amphibious, 8 rings, constrict 8, camouflage
1, gelatinous body 1
a: Renounce Religion, Channel Magic, Forget Spell, Divine Exegesis


You were in the Dungeon.
You worshipped Sif Muna.
Sif Muna was greatly pleased with you.
You visited 1 branch

Inventory:

Scrolls
 h - 3 scrolls of remove curse
 i - 5 scrolls of amnesia
 j - a scroll of summoning
Potions
 a - a potion of invisibility
 b - 2 potions of curing
 d - a potion of haste
 e - 4 potions of magic
 f - 2 potions of berserk rage


   Skills:
 - Level 6.3 Fighting
 - Level 6.7 Dodging
 + Level 4.4 Stealth
 + Level 7.2 Unarmed Combat
 - Level 6.0 Spellcasting
 + Level 6.9 Transmutations
 - Level 4.0 Poison Magic
 + Level 4.1 Invocations


You had 3 spell levels left.
You knew the following spells:

 Your Spells              Type           Power        Failure   Level
a - Beastly Appendage     Tmut           50%          1%          1
b - Wereblood             Tmut           25%          1%          2
c - Spider Form           Tmut/Pois      10%          4%          3
d - Blade Hands           Tmut           12%          24%         5
e - Ice Form              Ice/Tmut       14%          34%         4

Your spell library contained the following spells:

 Spells                   Type           Power        Failure   Level


Dungeon Overview and Level Annotations

Branches:
Dungeon (1/1)

Altars:
Ashenzari
Cheibriados
Dithmenos
Elyvilon
Fedhas
Gozag
Hepliaklqana
Kikubaaqudgha
Makhleb
Nemelex Xobeh
Okawaru
Qazlal
Ru
Sif Muna
Trog
Uskayaw
Vehumet
Wu Jian
Xom
Yredelemnul
Zin
The Shining One
Beogh
Jiyva
Lugonu


Innate Abilities, Weirdness & Mutations

You cannot wear most types of armour.
You are very stealthy in the water. (Stealth+)
You are amphibious.
You can wear up to eight rings at the same time.
You can use your tentacles to constrict eight enemies at once.
Your skin changes colour to match your surroundings (Stealth+).
Your rubbery body absorbs attacks. (AC +1, EV +1)


Message History

You are more poisoned.
* * * LOW HITPOINT WARNING * * *
x2 You feel very sick.
The swamp dragon misses you. The swamp dragon barely misses you.
The swamp dragon tramples you.
* * * LOW HITPOINT WARNING * * *
You stumble backwards!
You tentacle-slap the swamp dragon. You squeeze the swamp dragon.
The swamp dragon is heavily wounded.
You are more poisoned.
* * * LOW HITPOINT WARNING * * *
You feel very sick.
You tentacle-slap the swamp dragon. Your squeeze misses the swamp dragon.
The swamp dragon is severely wounded.
You are more poisoned.
* * * LOW HITPOINT WARNING * * *
You feel very sick. The swamp dragon misses you.
The swamp dragon closely misses you. The swamp dragon tramples you!
You die...

#)#..#.)))[##.....
#'###########.....
#.......# ######
#)###...#
#)#.....#
#.#...#☼#+#
#°.°°.#☼#☼+
#°○°###.#'#
#@D.(.).')#
###########


You could see a swamp dragon (catching breath).

Vanquished Creatures
  A fire bat (D)
  2 floating eyes (D)
  A necrophage (D)
  2 gnoll sergeants (D)
  5 gnolls (D)
  An adder (D)
  An ooze (D)
  A leopard gecko (D)
  A bat zombie (D)
  A hobgoblin (D)
  2 kobolds (D)
  A ball python (D)
  A bat (D)
  A rat (D)
21 creatures vanquished.

Vanquished Creatures (others)
  A slime creature (D)
1 creature vanquished.

Grand Total: 22 creatures vanquished

Notes
Turn   | Place    | Note
-------+----------+-------------------------------------------
     0 | D        | rocky1 the Octopode Transmuter began the quest for the Orb.
     0 | D        | Reached XP level 1. HP: 13/13 MP: 3/3
   191 | D        | Found a bloodstained altar of Trog.
   191 | D        | Found a shimmering blue altar of Sif Muna.
   191 | D        | Found a viscous altar of Jiyva.
   191 | D        | Found a hazy altar of Hepliaklqana.
   191 | D        | Found an opulent altar of Gozag.
   192 | D        | Found a glowing golden altar of the Shining One.
   192 | D        | Found a glowing silver altar of Zin.
   192 | D        | Found a basalt altar of Yredelemnul.
   192 | D        | Found a shimmering altar of Xom.
   192 | D        | Found an ornate altar of the Wu Jian Council.
   192 | D        | Found a sacrificial altar of Ru.
   192 | D        | Found a stormy altar of Qazlal.
   192 | D        | Found an iron altar of Okawaru.
   192 | D        | Found a sparkling altar of Nemelex Xobeh.
   192 | D        | Found a burning altar of Makhleb.
   192 | D        | Found a blossoming altar of Fedhas.
   192 | D        | Found a white marble altar of Elyvilon.
   192 | D        | Found a shadowy altar of Dithmenos.
   192 | D        | Found a snail-covered altar of Cheibriados.
   194 | D        | Found a radiant altar of Vehumet.
   194 | D        | Found a corrupted altar of Lugonu.
   194 | D        | Found a roughly hewn altar of Beogh.
   195 | D        | Found a hide-covered altar of Uskayaw.
   195 | D        | Found an ancient bone altar of Kikubaaqudgha.
   195 | D        | Found a broken altar of Ashenzari.
   198 | D        | Became a worshipper of Sif Muna the Loreminder
   218 | D        | Reached XP level 2. HP: 15/19 MP: 3/5
   382 | D        | Noticed a floating eye
   386 | D        | Reached * piety under Sif Muna
   391 | D        | Paralysed by a floating eye for 2 turns
   396 | D        | Killed a floating eye
   397 | D        | Reached skill level 5 in Unarmed Combat
   397 | D        | Reached XP level 3. HP: 27/27 MP: 5/8
   397 | D        | Reached XP level 4. HP: 33/33 MP: 6/10
   438 | D        | Noticed a floating eye
   440 | D        | Paralysed by a floating eye for 3 turns
   446 | D        | Killed a floating eye
   447 | D        | Reached skill level 5 in Fighting
   447 | D        | Reached skill level 5 in Dodging
   447 | D        | Reached skill level 5 in Spellcasting
   447 | D        | Reached skill level 5 in Transmutations
   447 | D        | Reached XP level 5. HP: 21/39 MP: 10/12
   450 | D        | Reached ** piety under Sif Muna
   451 | D        | Reached skill level 6 in Unarmed Combat
   821 | D        | Learned a level 2 spell: Wereblood
   825 | D        | Learned a level 3 spell: Spider Form
   831 | D        | Learned a level 5 spell: Blade Hands
   853 | D        | Reached *** piety under Sif Muna
   854 | D        | Reached XP level 6. HP: 31/45 MP: 11/13
   864 | D        | Reached skill level 1 in Invocations
   888 | D        | Noticed a necrophage
  1042 | D        | Learned a level 4 spell: Ice Form
  1055 | D        | Killed a necrophage
  1055 | D        | Reached **** piety under Sif Muna
  1056 | D        | Noticed a fire bat
  1067 | D        | Killed a fire bat
  1068 | D        | Reached skill level 7 in Unarmed Combat
  1068 | D        | Reached XP level 7. HP: 13/52 MP: 14/16
  1192 | D        | Killed a slime creature
  1375 | D        | Noticed a swamp dragon
  1402 | D        | HP: 1/78 [poisoned by a swamp dragon (poison gas)]
  1402 | D        | Mangled by a swamp dragon

Illustrated notes

Levels and vault maps discovered:
D:        pitsprint [storerooms_1, entrance_room_1, metal_vault_5, armoury_2,
          mini_pit_1, grid_room_1, main_hall_1, silver_pit, the_coven_1,
          the_vestibule_1, steel_vault_4, golden_pit, hallway_of_sentries,
          crystal_vault_2, iron_vault_1, final_vault]

Skill      XL: |  1  2  3  4  5  6  7 |
---------------+----------------------+-----
Fighting       | 4 5 6 |  6.3
Dodging        | 4 5 6 |  6.7
Unarmed Combat | 5 6 7 |  7.2
Spellcasting   | 4 5 6 |  6.0
Transmutations | 4 5 6 |  6.9
Poison Magic   | 3 4 |  4.0
Invocations    | 3 4 |  4.1
Stealth        | 3 4 |  4.4

Action                   |  1- 3 |  4- 6 |  7- 9 || total
-------------------------+-------+-------+-------++-------
Melee: Unarmed           |    18 |    40 |    20 ||    78
       Kick              |     3 |    10 |     2 ||    15
       Tentacles         |     2 |    11 |     3 ||    16
       Constrict         |     4 |    13 |     2 ||    19
       Punch             |     3 |     2 |     1 ||     6
 Cast: Beastly Appendage |     3 |     3 |     1 ||     7
  Use: Potion            |       |     1 |    11 ||    12
       Scroll            |       |       |     1 ||     1
 Stab: Invisible         |       |       |     1 ||     1
       Sleeping          |       |       |     1 ||     1
Armor: Skin              |     2 |     5 |     1 ||     8
Dodge: Dodged            |     6 |    48 |    31 ||    85

Table legend: (Time is in decaauts)
 A = Elapsed time spent in this place.
 B = Non-inter-level travel time spent in this place.
 C = Inter-level travel time spent in this place.
 D = Time resting spent in this place.
 E = Time spent auto-exploring this place.
 F = Levels seen in this place.
 G = Mean time per level.
                   A        B        C        D        E       F      G
               +--------+--------+--------+--------+--------+-----+--------+
         Total |   1392 |   1392 |      0 |   1070 |      0 |   1 | 1392.0 |
       Dungeon |   1392 |   1392 |      0 |   1070 |      0 |   1 | 1392.0 |
               +--------+--------+--------+--------+--------+-----+--------+

Top non-repeatable levels by time:
       D: 1392 daAuts
